Unix NetHack Version 5.0.0-0 post-release - last build May 10 2026 23:12:36 (d1fa5d53e341ca933230fdaa984d921c805b60aa,branch:main).

Game began 2026-05-13 23:23:09, ended 2026-05-15 19:53:17.

Brudee, neutral female human Monk

 -----------------------------------------------------------------------------
 |.......|...........|.......|...|...|.....|.......|.....|...................|
 |----.|.|.|.---------.|.---.|.|.|.|.|.---.-----.---.---.|.|.----.}}}..-----.|
 |...|.|...|...........|...|...|...|.|...|.....|.....|5|...|...|..}}}.<|.....|
 |.|.|.----------------.....--------......----.---.---^|------.|..}}}$-|.---.|
 |.|.|...|...........|..}}}..|...|....}}}..|.|...|.....|....$|.|.......|.|...|
 |.|.---.---.|.-----.|..}}}..|.|.--}}.}}}..|.---.|----$---.|.|.-------.|.---.|
 |.|...|...|.|.|...|.|..}}}....|..}}}.}}}.}}...|(|...|%..|.|.|...|...|.|...|.|
 |.---.|}}}}}---.-.|.|......}}}}}}}}.......}}}.|.|.....).|.|.---.|.--|.---.|.|
 |..}}}}}}..}}}}}}}}}}}}}}}}}....|.|.|...|.|.}}|.|..}}}..|.|...|.|...|...|.|.|
 |.}}}--.-----.}}|.---.--}}-------.|.|---->|.}}|.--.}}}.%|.|--.|.|.|.---.|.|.|
 |...|...|.....|.|...|...|...|.....|.|.}}}}}.-E}}...}}}....|...|.|.|...|...|.|
 |.|.|.---.-----.---.---.|--.|.----|.}}}.|.-}}}}D}}...@.----.---.|.---.----|.|
 |.|.|.|...........|...|.|...|.|...|}}.|.|......}|}}}}.......|...|...|.....|.|
 |--.|.|..}}}..-------.|.|.--|.|.|.}}--|.|.-----.|--.}}}}}}}.|.-----.|--.---.|
 |...|.|..}}}..|.....|}}}|...|...|}}.|.|.|.....|.|...|.....}}|.|...|.|...|...|
 |.---.--.}}}..}}}}}}}}-.}}}}}}---}-.|.|.-------.|.---.---.---.|.---.|.---.--|
 |...............|}......|.}...}}}}..|...........|.....|.......|.....|.......|
 -----------------------------------------------------------------------------
Brudee the Student of Metals    St:18/88 Dx:18 Co:18 In:18 Wi:17 Ch:18  Neutral S:740251
Dlvl:43 $:0  HP:0(178) Pw:11(95) AC:-19 Xp:19/2581893 T:34385  Hungry   Fly

Latest messages:
 You hit the red dragon!
 You kill the red dragon!
 You have a little trouble lifting b - a wand of digging.
 $ - 236 gold pieces (1054 in total).
 There are several more objects here.
 The vampire bat misses!
 The vampire bat misses!
 The vampire bat misses!
 The vampire bat misses!
 Autopickup: OFF.
 You drop 1054 gold pieces.
 The vampire bat misses!
 The vampire bat misses!
 The vampire bat bites!
 The vampire bat bites again!
 You hit the vampire bat!
 You hit the vampire bat!
 The vampire bat bites!
 The vampire bat misses!
 You kill the vampire bat!
 You see here a vampire bat corpse.
 You find an arrow trap.
 You hit the fire elemental!
 The fire elemental hits!
 You're on fire!
 The fire doesn't feel hot!
 Your potion of full healing boils and explodes!
 Your scroll of identify catches fire and burns!
 You aren't hurt!
 You hit the fire elemental!
 You feel mildly warm.
 You hit the fire elemental!
 You feel mildly warm.
 The fire elemental hits!
 You're on fire!
 The fire doesn't feel hot!
 You kill the fire elemental!
 Really fly onto that arrow trap? [yn] (n) n
 You kill the purple worm!
 You see here a purple worm corpse.
 You see here 6 rocks.
 The black dragon breathes a disintegration blast!
 The invisible stalker is disintegrated!
 The blast of disintegration whizzes by you!
 The blast of disintegration bounces!
 The blast of disintegration hits you!
 Your robe crumbles and turns to dust!
 Your shirt crumbles into tiny threads and falls apart!
 Do you want your possessions identified? [ynq] (y) y
 Do you want to see your attributes? [ynq] (y) q

Inventory:
 Amulets  ('"')
  m - an uncursed amulet of flying (being worn)
 Weapons  (')')
  q - 10 +0 shuriken
  y - the blessed rustproof +7 Fire Brand (alternate weapon; not wielded)
 Armor    ('[')
  I - a blessed fireproof +8 elven leather helm (being worn)
  R - a blessed burnt +3 pair of leather gloves (being worn)
  j - a blessed fireproof +4 pair of speed boots (being worn)
  V - a blessed +3 oilskin cloak
 Comestibles  ('%')
  Y - an uncursed kelp frond
  M - an uncursed tin of soup made from giant mimic meat
 Scrolls  ('?')
  U - 2 uncursed scrolls of create monster
 Potions  ('!')
  B - an uncursed potion of healing
  P - an uncursed potion of object detection
  Q - an uncursed potion of see invisible
  A - a blessed potion of sleeping
 Rings    ('=')
  E - an uncursed ring of conflict
  d - a blessed greased ring of free action (on right hand)
  g - an uncursed ring of sustain ability
 Wands    ('/')
  T - a wand of cold (0:5)
  x - a wand of create monster (0:11)
  z - a wand of death (0:4)
  b - a wand of digging (0:4)
  w - a wand of digging (0:4)
 Tools    ('(')
  i - a blessed bag of holding containing 88 items
  C - a blessed oilskin sack containing 3 items
  f - the Bell of Opening (0:3)
  S - the uncursed Candelabrum of Invocation (0 of 7 candles attached)
  v - the blessed Eyes of the Overworld (being worn)
  a - a +0 pick-axe
  p - the blessed Platinum Yendorian Express Card
  D - a tinning kit (0:66)
  u - a blessed +0 unicorn horn
 Gems/Stones  ('*')
  k - a blessed luckstone

Contents of the bag of holding:
  299 gold pieces
  an uncursed amulet of flying
  an uncursed amulet of life saving
  an uncursed amulet of life saving
  an uncursed amulet of reflection
  an uncursed amulet of unchanging
  an uncursed +0 set of yellow dragon scales
  5 uncursed slime molds
  an uncursed carrot
  6 uncursed food rations
  8 uncursed kelp fronds
  an uncursed garter snake egg
  2 uncursed scrolls of confuse monster
  a blessed scroll of create monster
  5 uncursed scrolls of create monster
  3 uncursed scrolls of destroy armor
  a blessed scroll of earth
  an uncursed scroll of enchant weapon
  an uncursed scroll of fire
  3 uncursed scrolls of food detection
  3 uncursed scrolls of gold detection
  a blessed scroll of identify
  2 uncursed scrolls of identify
  7 uncursed scrolls of light
  a blessed scroll of punishment
  an uncursed scroll of punishment
  a blessed scroll of remove curse
  3 uncursed scrolls of remove curse
  an uncursed scroll of stinking cloud
  an uncursed scroll of taming
  11 uncursed scrolls of teleportation
  a cursed potion of acid
  an uncursed potion of booze
  2 uncursed potions of fruit juice
  6 uncursed diluted potions of fruit juice
  3 uncursed potions of full healing
  a blessed potion of hallucination
  an uncursed potion of healing
  a cursed potion of healing
  a blessed potion of levitation
  2 uncursed potions of levitation
  a blessed potion of monster detection
  3 uncursed potions of monster detection
  2 blessed potions of object detection
  2 uncursed potions of paralysis
  4 uncursed potions of restore ability
  an uncursed potion of see invisible
  a blessed potion of sleeping
  2 uncursed potions of speed
  a potion of holy water
  2 uncursed potions of water
  a potion of unholy water
  an uncursed ring of conflict
  an uncursed ring of conflict
  an uncursed +2 ring of increase accuracy
  an uncursed ring of polymorph control
  an uncursed ring of polymorph control
  an uncursed +0 ring of protection
  a wand of death (0:8)
  a wand of death (0:7)
  a wand of death (0:3)
  a wand of digging (0:8)
  a wand of digging (0:8)
  a wand of digging (0:8)
  a wand of digging (0:5)
  a wand of fire (0:5)
  a wand of make invisible (0:7)
  a wand of polymorph (1:1)
  a wand of polymorph (0:0)
  a wand of probing (0:4)
  a wand of secret door detection (0:15)
  a wand of speed monster (0:5)
  a wand of teleportation (0:5)
  a wand of teleportation (0:0)
  a wand of undead turning (0:7)
  an uncursed tooled horn
  an uncursed blindfold
  an expensive camera (0:69)
  a magic marker (1:50)
  a magic marker (1:29)
  a magic marker (1:20)
  a magic marker (1:12)
  an uncursed saddle
  an uncursed skeleton key
  a cursed stethoscope
  7 uncursed tallow candles
  an uncursed tin opener
  a blessed touchstone

Contents of the oilskin sack:
  a blessed scroll of scare monster
  a blessed scroll of taming
  a cursed scroll of teleportation

Brudee the Monk's attributes:

Background:
 You were a Student of Metals, a level 19 female human Monk.
 You were neutral, belatedly on a mission for Chih Sung-tzu
 who was opposed by Shan Lai Ching (lawful) and Huan Ti (chaotic).
 You started out lawful.
 You were right-handed.
 You were in Gehennom, on level 43.
 You entered the dungeon 34385 turns ago.
 You had 2581893 experience points, 2538107 more were needed for level 20.
 Your score was 740251 before end-of-game adjustments.

Basics:
 You had 0 out of 178 hit points.
 You had 11 out of 95 energy points (spell power).
 Your armor class was -10.
 Your wallet was empty, but
 you had 299 zorkmids stashed away in your pack.
 Autopickup was off.

Final Characteristics:
 Your strength was 18/88 (limit:18/100).
 Your dexterity was 18 (limit:18).
 Your constitution was 18 (limit:18).
 Your intelligence was 18 (limit:18).
 Your wisdom was 17 (peak:18, limit:18).
 Your charisma was 18 (limit:18).

Final Status:
 You were flying.
 You were hungry.
 You were unencumbered.
 You were empty handed.
 You had grand master skill with martial arts.

Final Attributes:
 You were piously aligned.
 You were magic-protected.
 You were fire resistant.
 You were cold resistant.
 You were sleep resistant.
 You were shock resistant.
 You were poison resistant.
 You saw invisible.
 You were telepathic.
 You were warned.
 You had automatic searching.
 You were stealthy.
 You could teleport.
 You had teleport control.
 You had a small defense bonus (+3).
 You were warded.
 You took half spell damage.
 You were very fast.
 You had free action.
 You were extremely lucky.
 You had extra luck.
 Good luck did not time out for you.
 You are dead.

Miscellaneous:
 You encountered 1 bones level.
 Total elapsed playing time was 12 hours, 45 minutes and 9 seconds.

Major events:
 Turn
    1: Brudee the lawful female human Monk entered the dungeon
 1204: attained the rank of Novice (level 3)
 1973: entered the Gnomish Mines
 2717: was bestowed with Ogresmasher by Shan Lai Ching
 2872: attained the rank of Initiate (level 6)
 3552: reached Mine Town
 3907: was bestowed with Trollsbane by Shan Lai Ching
 4262: made her first wish - "blessed greased fixed +2 blue dragon scale mail", got "a greased blue dragon scale mail"
 5002: acquired the Mines' End luckstone
 7592: entered the Bigroom
 8243: entered Sokoban
 8485: attained the rank of Student of Stones (level 10)
 8919: was bestowed with Fire Brand by Shan Lai Ching
10184: wished for "blessed greased fixed +2 boots of speed", got "a greased pair of buckled boots"
10834: wished for "blessed greased ring of free action", got "a greased tiger eye ring"
14123: entered Home 1, the Quest
17256: completed 1st Sokoban level
17559: completed 2nd Sokoban level
17923: completed 3rd Sokoban level
18580: completed 4th Sokoban level
20693: wished for "wand of death", got "a jeweled wand"
20947: performed her first genocide (class L)
22058: wished for "blessed greased fixed +2 black dragon scale mail", got "a greased black dragon scale mail"
22060: wished for "blessed greased +2 ring of protection", got "a greased topaz ring"
22069: made her first artifact wish - "blessed Platinum Yendorian Express Card", got "a credit card named the Platinum Yendorian Express Card"
22952: killed Medusa
23650: attained the rank of Student of Waters (level 14)
23699: the Grand Master has granted access to proceed deeper into the quest
23736: entered Home 2, the Quest
23944: entered Home 3, the Quest
24368: entered Home 4, the Quest
24496: entered Home 5, the Quest
24925: killed Master Kaen
24925: found the Eyes of the Overworld carried by a monster
24926: acquired the Bell of Opening
29026: attained the rank of Student of Metals (level 18)
29895: entered Gehennom
30809: wished for "blessed greased fixed +2 T-shirt", got "a greased T-shirt"
31183: killed Juiblex
31611: killed Asmodeus
31865: killed Baalzebub
32632: killed Orcus
32976: genocided class h
33584: destroyed Vlad the Impaler
33593: acquired the Candelabrum of Invocation
34385: killed by a blast of disintegration

Spells:
 Name                 Level Category     Fail Retention
 confuse monster        1   enchantment   18%    (gone)
 extra healing          3   healing        1%   81%-85%
 identify               3   divination    18%   81%-90%
 healing                1   healing        1%   21%-25%
 detect food            2   divination    18%   21%-30%
 haste self             3   escape        76%  76%-100%
 create monster         2   clerical      18%   26%-50%
 stone to flesh         3   healing       18%   81%-85%
 restore ability        4   healing        0%   81%-85%
 sleep                  3   enchantment   76%   51%-75%
 magic mapping          5   divination    88%   71%-80%
 dig                    5   matter       100%  76%-100%
 magic missile          2   attack        18%  76%-100%
 polymorph              6   matter       100%  76%-100%
 slow monster           2   enchantment   18%  76%-100%
 invisibility           4   escape        98%  76%-100%

Skills:
 Fighting Skills
   martial arts       [Grand Master]
 Weapon Skills
   long sword         [Basic]
   morning star       [Unskilled]
   hammer             [Basic]
   quarterstaff       [Unskilled]
   spear              [Unskilled]
   crossbow           [Unskilled]
   shuriken           [Unskilled]
 Spellcasting Skills
   attack spells      [Unskilled]
   healing spells     [Skilled]
   divination spells  [Basic]
   enchantment spells [Unskilled]
   clerical spells    [Unskilled]
   escape spells      [Unskilled]
   matter spells      [Unskilled]

Voluntary challenges:
 Character rerolling was not enabled.
 You genocided 11 types of monsters.
 You used 8 wishes (1 for an artifact).
 You violated the special Sokoban rules once.
Achievements:
 You entered a shop.
 You attained the rank of Novice.
 You entered the Gnomish Mines.
 You attained the rank of Initiate.
 You entered Minetown.
 You entered a temple.
 You completed the Gnomish Mines.
 You entered the Big Room.
 You entered Sokoban.
 You attained the rank of Student of Stones.
 You defeated Medusa.
 You attained the rank of Student of Waters.
 You had the Bell of Opening.
 You attained the rank of Student of Metals.
 You entered Gehennom.
 You had the Candelabrum of Invocation.

 The Dungeons of Doom: levels 1 to 27
    Level 1:
    Level 2:
       An altar.
    Level 3:
       A vegetarian food shop.
    Level 4:
       Stairs down to The Gnomish Mines.
    Level 5:
       A general store.
    Level 6:
       Oracle of Delphi.
    Level 7:
       A sink.
       Stairs up to Sokoban, level 6.
    Level 8:
       An altar.
    Level 9:
       A weapon shop, many altars.
    Level 10:
       A general store.
    Level 11:
       A very big room.
    Level 12:
       A grave.
    Level 13:
       Portal to The Quest.
    Level 14:
    Level 15:
    Level 16:
       A fountain.
       Final resting place for
          Nestorix-Pri-Hum-Fem-Neu, killed by a chameleon imitating a leocrotta.
    Level 17:
       A primitive area.
    Level 18:
       A fountain.
    Level 19:
    Level 20:
       A throne, a fountain.
    Level 21:
       A temple and an altar to Chih Sung-tzu.
    Level 22:
       A sink.
    Level 23:
       A throne, a grave.
    Level 24:
    Level 25:
    Level 26:
    Level 27:
       A throne.
       The castle.
 Gehennom: levels 28 to 43
    Level 28:
       A temple and an altar, many graves.
       Valley of the Dead.
    Level 29:
    Level 30:
    Level 31:
    Level 32:
       Many fountains.
    Level 33:
    Level 34:
    Level 35:
    Level 36:
    Level 37:
    Level 38:
       Some shops, an altar, some graves.
    Level 39:
       Stairs up to Vlad's Tower, level 38.
    Level 40:
    Level 41:
    Level 42:
    Level 43: <- You were here.
       Final resting place for
          you, killed by a blast of disintegration.
 The Gnomish Mines: levels 5 to 12
    Level 5:
    Level 6:
    Level 7:
    Level 8:
       Many shops, a temple and an altar.
    Level 9:
    Level 10:
    Level 11:
    Level 12:
 The Quest: levels 1 to 5
    Level 1:
       A temple and an altar, many trees.
       Completed quest for the Grand Master.
    Level 2:
    Level 3:
    Level 4:
    Level 5:
       An altar.
 Sokoban: levels 6 up to 3
    Level 3:
       Solved.
    Level 4:
       Solved.
    Level 5:
       Solved.
    Level 6:
       Solved.
 Vlad's Tower: levels 38 up to 36
    Level 36:
       A throne.
    Level 37:
    Level 38:


Vanquished creatures:
    Asmodeus
    Baalzebub
    Orcus
    Juiblex
    Vlad the Impaler
    Master Kaen
  a mastodon
    Medusa
  2 iron golems
  a master lich
  4 storm giants
  a glass golem
  2 balrogs
  4 purple worms
  a silver dragon
  2 red dragons
  2 white dragons
  7 black dragons
  4 blue dragons
  a green dragon
  4 yellow dragons
  6 minotaurs
  a jabberwock
  a baluchitherium
  a demilich
 an Olog-hai
  5 pit fiends
  2 displacer beasts
  3 trappers
  a baby red dragon
  2 genetic engineers
 18 vampire leaders
  9 skeletons
 an aligned cleric
  a captain
  5 shades
  a lich
  2 clay golems
  3 nurses
 an ice devil
  3 nalfeshnees
  3 lurkers above
  4 frost giants
  4 ettins
  a black pudding
 13 vampires
  2 lieutenants
  a watch captain
 25 ghosts
  a queen bee
  a winged gargoyle
  5 giant mimics
  a long worm
  5 zruties
  a fire giant
  6 ogre tyrants
  5 ice trolls
  7 rock trolls
  2 umber hulks
  2 flesh golems
  2 elven monarchs
  9 hezrous
  5 bone devils
  5 large mimics
  a fire vortex
 11 stalkers
 an air elemental
  5 fire elementals
 50 earth elementals
  4 water elementals
 10 hill giants
  6 giant mummies
  a black naga
 38 xorns
 12 giant zombies
  4 elf-nobles
 11 sergeants
  a water demon
  4 barbed devils
  5 vrocks
  a salamander
  2 winter wolves
  2 hell hound pups
 18 small mimics
  2 glass piercers
  2 warhorses
  4 steam vortices
  3 xans
  2 ettin mummies
  8 ogre leaders
  4 quantum mechanics
  5 trolls
  a sasquatch
  2 wood golems
  4 mariliths
  4 sharks
  3 gelatinous cubes
  4 pyrolisks
  3 large dogs
  2 freezing spheres
  6 flaming spheres
  3 shocking spheres
  3 large cats
  6 tigers
  6 gargoyles
  5 tengu
 an ochre jelly
  2 leocrottas
  4 mountain centaurs
  2 stone giants
  a human mummy
  a red naga
  2 pythons
  2 pit vipers
  3 cobras
 38 wraiths
  2 carnivorous apes
 15 ettin zombies
  7 leather golems
  6 Grey-elves
 51 soldiers
  4 watchmen
  5 amorous demons
  4 horned devils
  4 chameleons
  a crocodile
 12 giant beetles
  a quivering blob
 23 cockatrices
  9 wolves
  5 winter wolf cubs
  2 lynxes
  2 panthers
  4 gremlins
  a spotted jelly
  4 leprechauns
 an orc-captain
  4 iron piercers
  2 mumakil
  8 giant spiders
  4 scorpions
  3 horses
  2 baby long worms
  2 black lights
  9 vampire bats
  4 forest centaurs
  6 gnome rulers
  5 orc mummies
  5 dwarf mummies
  7 ogres
  3 brown puddings
  3 rust monsters
  5 owlbears
  3 yetis
  a gold golem
  4 werewolves
  9 Green-elves
  5 giant eels
 11 lizards
  4 chickatrices
  2 dingoes
  4 dogs
  a housecat
  3 jaguars
  a dwarf leader
  a blue jelly
  3 white unicorns
  4 black unicorns
  3 dust vortices
  6 ravens
  2 plains centaurs
  3 gnome mummies
 10 snakes
 18 water moccasins
  5 apes
 20 human zombies
  4 Woodland-elves
 13 soldier ants
  8 fire ants
 13 bugbears
  2 imps
 13 lemures
  a quasit
  9 water nymphs
  5 mountain nymphs
  a Mordor orc
 16 Uruk-hai
 an orc shaman
  2 rock piercers
  2 rock moles
  6 ponies
  3 fog clouds
  7 yellow lights
  4 violet fungi
 23 gnome leaders
  6 gnomish wizards
  a kobold mummy
  7 gray oozes
  2 barrow wights
 14 elf zombies
  6 ghouls
  5 paper golems
  2 jellyfish
 18 giant ants
  2 little dogs
  7 floating eyes
  3 kittens
  7 dwarves
  5 homunculi
  5 kobold leaders
  2 kobold shamans
 14 hill orcs
 17 rothes
  2 rabid rats
  a centipede
  8 giant bats
  a monkey
 16 orc zombies
  5 dwarf zombies
  4 wererats
  6 werejackals
  9 iguanas
 22 killer bees
  4 acid blobs
  4 coyotes
  2 gas spores
  3 hobbits
 10 manes
  4 large kobolds
 10 hobgoblins
  6 giant rats
  9 cave spiders
  5 brown molds
  4 yellow molds
  a green mold
  2 red molds
 69 gnomes
 19 garter snakes
  4 gnome zombies
 10 geckos
 18 jackals
  2 foxes
  2 kobolds
  5 goblins
 12 sewer rats
  6 grid bugs
  4 bats
  5 lichens
  9 kobold zombies
 16 newts
1478 creatures vanquished.

Genocided species:
 arch-liches
 master liches
 demiliches
 master mind flayers
 liches
 mind flayers
 dwarf rulers
 dwarf leaders
 bugbears
 dwarves
 hobbits
11 species genocided.

Game over:
                       ----------
                      /          \
                     /    REST    \
                    /      IN      \
                   /     PEACE      \
                  /                  \
                  |      Brudee      |
                  |      299 Au      |
                  |   killed by a    |
                  |     blast of     |
                  |  disintegration  |
                  |                  |
                  |       2026       |
                 *|     *  *  *      | *
        _________)/\\_//(\/(/\)/\//\/|_)_______

Goodbye Brudee the Monk...

You died in Gehennom on dungeon level 43 with 740222 points,
and 299 pieces of gold, after 34385 moves.
You were level 19 with a maximum of 178 hit points when you died.

